AoeStats
← Herby

Arena

509763678Analyzed
1v1 RM · 4d ago on Sep 27, 2026· 25m 47s· 2 players
Game mode
Random Map
Map size
Tiny (2 player)
Population
200
Speed
Normal
Resources
Standard
Victory
Conquest
Starting age
Dark Age
Ending age
Imperial Age
RankedLock teamsTeams togetherTeam positionsShared explorationLock speedFull tech treeHidden civsTurbo modeCheats
Victory
Defeat
🇲🇽 Khmer · Mexico
1320
+15
🇨🇱 Bohemians · Chile
1304
-15
PumAge | carlomagno
10:23 Feudal Age
14:20 Castle Age
13:11 Double-Bit Axe
14:58 Loom
15:38 Bow Saw
Herby
7:09 Loom
9:44 Feudal Age
13:32 Castle Age
12:01 Double-Bit Axe
13:23 Gold Mining
14:58 Bow Saw
21:11 Sanctity
22:17 Redemption
Connection lost

Rejoining the realm…

Still unreachable

The connection could not be restored.

Session expired

The server has moved on; the page needs a fresh start.